 Dungeon Crawl Stone Soup version 0.31-a0-692-gf03d1854d5 (webtiles) character file.

Game seed: 15455382964104644611

142 qw the Shooter (level 5, -14/32 HPs)
             Began as a Gargoyle Hunter on Sept 6, 2023.
             Killed by an exploding dream sheep (42 damage)
             ... ignited by their inner flame
             ... on level 3 of the Dungeon.
             The game lasted 00:00:43 (1928 turns).

qw the Shooter (Gargoyle Hunter)                    Turns: 1928, Time: 00:00:43

Health: -14/32     AC:  9    Str: 15    XL:     5   Next: 24%
Magic:  5/5        EV: 12    Int:  9    God:
Gold:   166        SH:  0    Dex: 21    Spells: 4/4 levels left

rFire   . . .        Y - +1 shortbow
rCold   . . .        (shield currently unavailable)
rNeg    + . .        c - +0 leather armour
rPois   inf          (no helmet)
rElec   +            (no cloak)
rCorr   .            i - +0 pair of gloves
SInv    .            b - +0 pair of boots
Will    .....        (no amulet)
Stlth   ++           k - +6 ring of dexterity
HPRegen 0.25/turn    (no ring)
MPRegen 0.09/turn

%: no passive effects
@: no status effects
A: sickness immunity, AC +4, negative energy resistance 1, electricity
resistance, torment resistance 1, petrification resistance
a: no special abilities


You were on level 3 of the Dungeon.
You visited 1 branch of the dungeon, and saw 3 of its levels.

You collected 166 gold pieces.


Innate Abilities, Weirdness & Mutations

You are immune to sickness and miasma.
Your stone body is resilient. (AC +4)
You are immune to poison.
You resist negative energy. (rN+)
You are resistant to electric shocks. (rElec)
You are resistant to unholy torment.
You are immune to petrification.


   Skills:
 - Level 3.0 Fighting
 + Level 5.8 Ranged Weapons
 - Level 1.2 Armour
 - Level 1.5 Dodging
 - Level 1.1 Stealth


You had 4 spell levels left.
You didn't know any spells.
Your spell library was empty.

Inventory:

Hand Weapons
 Y - a +1 shortbow (weapon)
Armour
 b - a +0 pair of boots (worn)
 c - a +0 leather armour (worn)
 i - a +0 pair of gloves (worn)
Jewellery
 k - a +6 ring of dexterity (left hand)
Scrolls
 e - a scroll of identify
 f - a scroll of teleportation
 n - a scroll of blinking {unknown}
 p - a scroll of noise {unknown}
Potions
 a - a potion of attraction {unknown}
 d - a potion of curing {unknown}
 g - a potion of brilliance {unknown}
 h - 2 potions of enlightenment {unknown}
 j - a potion of might {unknown}
 l - a potion of haste {unknown}
 m - a potion of degeneration {unknown}
 o - a potion of invisibility {unknown}

Dungeon Overview and Level Annotations

Branches:
Dungeon (3/15)

Altars:
Gozag
Xom


Message History

You shoot an arrow. The arrow hits the rat.
You kill the rat!
p - a scroll labelled PERAOF ZYLUO
Enter note:
Found 5 large rocks.
A hobgoblin comes into view.
You shoot an arrow. The arrow hits the hobgoblin!
You kill the hobgoblin!
You open the door.
The walls suddenly crumble! 5 dream sheep come into view.
A dream sheep catches fire!
The dream sheep bleats in terror.
A dream sheep catches fire!
The dream sheep stampedes away.
A dream sheep catches fire!
The dream sheep stampedes away.
A dream sheep catches fire!
The dream sheep bleats in terror.
A dream sheep catches fire!
A frightened dream sheep leaps away.
You hear mad divine giggling.
Found a shimmering altar of Xom.
You shoot an arrow. The dream sheep bleats! x4
The arrow hits the dream sheep but does no damage.
Your attack snaps the dream sheep out of its fear.
The dream sheep burns! x10
You shoot an arrow.
The arrow barely misses the dream sheep.
The dream sheep burns! x5
A bat comes into view.
The dream sheep bites you.
You shoot an arrow. The arrow hits the dream sheep.
Flame seeps out of the dream sheep.
The dream sheep is severely wounded.
The dream sheep burns! x5
The dream sheep explodes!
The fiery explosion engulfs you!!!
Ouch! That really hurt!
You die...

#
#..#...####.....#..
#...............# .
#......Y...#.####
#..........#.#
#......Y...#.#
#....._....#.#
#....¤¤¤...#.#
...b.¤0¤...#.#
#...¤¤@.....#
#..........##
#.##########


You could see 2 dream sheep and a bat.

Vanquished Creatures
  An orc priest (D:3)
  5 adders
  A dart slug (D:3)
  3 orcs (D:3)
  5 endoplasms
  6 giant cockroaches
  A goblin (D:3)
  6 hobgoblins
  4 kobolds
  3 quokkas
  9 ball pythons
  7 bats
  3 frilled lizards
  2 rats (D:3)
56 creatures vanquished.

Vanquished Creatures (others)
  3 dream sheep (D:3)
3 creatures vanquished.

Grand Total: 59 creatures vanquished

Notes
Turn   | Place    | Note
-------+----------+-------------------------------------------
     0 | D:1      | qw the Gargoyle Hunter began the quest for the Orb.
     0 | D:1      | Reached XP level 1. HP: 12/12 MP: 1/1
     0 | D:1      | 0 ||| qw: Version: 0.3-a-76-g4403597
     0 | D:1      | 0 ||| qw: Game counter: 90
     0 | D:1      | 0 ||| qw: Melee chars always use a shield: true
     0 | D:1      | 0 ||| qw: God list: Okawaru
     0 | D:1      | 0 ||| qw: Allow faded altars: false
     0 | D:1      | 0 ||| qw: Do Orc after clearing Dungeon:15 true
     0 | D:1      | 0 ||| qw: Do second Lair branch before Depths: true
     0 | D:1      | 0 ||| qw: Lair rune preference: random
     0 | D:1      | 0 ||| qw: Goals: Normal
     0 | D:1      | 0 ||| PLANNING D:1-11
   174 | D:1      | Reached XP level 2. HP: 17/17 MP: 2/2
   557 | D:1      | Reached XP level 3. HP: 21/21 MP: 3/3
   819 | D:1      | 819 ||| READING 2 scrolls labelled JYT DAXACLYOB.
   823 | D:1      | 823 ||| READING scroll labelled SAKESU HOTOALO.
   824 | D:1      | 824 ||| READING scroll labelled ZAENAI DYFET.
   825 | D:1      | 825 ||| READING scroll labelled CEATAOS RUDAO.
   826 | D:1      | 826 ||| DROPPING scroll of butterflies.
   851 | D:2      | 851 ||| STAIRDANCE
   860 | D:1      | Reached skill level 5 in Ranged Weapons
   888 | D:2      | 888 ||| STAIRDANCE
   934 | D:2      | HP: 5/22 [frozen (2)]
   935 | D:2      | 935 ||| READING scroll of teleportation.
  1058 | D:2      | Reached skill level 3 in Fighting
  1058 | D:2      | Reached XP level 4. HP: 28/28 MP: 4/4
  1588 | D:2      | 1588 ||| UPGRADING to +0 pair of boots.
  1593 | D:2      | 1593 ||| UPGRADING to +0 pair of gloves.
  1598 | D:2      | 1598 ||| UPGRADING to +6 ring of dexterity.
  1599 | D:2      | 1599 ||| READING scroll labelled KAAKUO FIOGHI.
  1720 | D:3      | Reached skill level 1 in Armour
  1763 | D:3      | Found an opulent altar of Gozag.
  1843 | D:3      | Reached XP level 5. HP: 32/32 MP: 5/5
  1925 | D:3      | Noticed a dream sheep
  1925 | D:3      | Noticed a dream sheep
  1925 | D:3      | Noticed a dream sheep
  1925 | D:3      | Noticed a dream sheep
  1925 | D:3      | Noticed a dream sheep
  1925 | D:3      | Found a shimmering altar of Xom.
  1928 | D:3      | Killed a dream sheep
  1928 | D:3      | Killed a dream sheep
  1928 | D:3      | Killed a dream sheep
  1928 | D:3      | Killed by an exploding dream sheep... ignited by their
                  | inner flame

Levels and vault maps discovered:
D:1:      dpeg_arrival_water_fire, layout_basic
D:2:      layout_loops_ring
D:3:      layout_rooms, kb_xom_exploding_sheep, grunt_gozag_breadcrumbs

Skill      XL: |  1  2  3  4 |
---------------+-------------+-----
Ranged Weapons | 5 |  5.8
Fighting       | 3 |  3.0
Armour         | 1 |  1.2
Dodging        | |  1.5
Stealth        | |  1.1

Action                     |  1- 3 |  4- 6 || total
---------------------------+-------+-------++-------
   Fire: Shortbow          |   111 |    53 ||   164
    Use: Scroll            |     5 |     1 ||     6
 Armour: Leather armour    |    41 |    19 ||    60
  Dodge: Dodged            |    26 |    12 ||    38

Table legend:
 A = Non-vault XP
 B = Vault XP
 C = Vault XP percentage of total XP
 D = Non-vault monster count
 E = Vault monster count
 F = Vault count percentage of total count
                 A         B        C        D         E       F
            +---------+---------+-------+---------+---------+-------
      Total |     250 |       0 |   0.0 |      57 |       0 |   0.0
            +---------+---------+-------+---------+---------+-------
        D:1 |      54 |       0 |   0.0 |      24 |       0 |   0.0
        D:2 |      41 |       0 |   0.0 |      10 |       0 |   0.0
        D:3 |     155 |       0 |   0.0 |      23 |       0 |   0.0
            +---------+---------+-------+---------+---------+-------
